 Dungeon Crawl Stone Soup version 0.27-a0-96-gb51a1d6fd6 (webtiles) character file.

Game seed: 1225845513807475029

31 Mitsuki the Vandal (level 3, -1/24 HPs)
             Began as a Halfling Hunter on Jan 18, 2021.
             Slain by an adder (3 damage)
             ... on level 1 of the Dungeon on Jan 19, 2021.
             The game lasted 00:02:41 (1000 turns).

Mitsuki the Vandal (Halfling Hunter)                Turns: 1000, Time: 00:02:42

Health: -1/24      AC:  3    Str: 13    XL:     3   Next: 40%
Magic:  3/3        EV: 15    Int:  9    God:
Gold:   17         SH:  0    Dex: 15    Spells: 2/2 levels left

rFire    . . .     SeeInvis .   b - +0 short sword
rCold    . . .     Faith    .   (shield restricted)
rNeg     . . .     Spirit   .   c - +0 leather armour
rPois    .         Reflect  .   (no helmet)
rElec    .         Harm     .   (no cloak)
rCorr    .         Rampage  .   (no gloves)
Will     .....                  (no boots)
Stlth    ++........             (no amulet)
HPRegen  0.08/turn              (no ring)
MPRegen  0.08/turn              (no ring)

@: no status effects
A: small, mutation resistance 1
a: no special abilities


You were on level 1 of the Dungeon.
You visited 1 branch of the dungeon, and saw 2 of its levels.

You collected 17 gold pieces.

Inventory:

Hand Weapons
 a - a +1 hunting sling
 b - a +0 short sword (weapon)
Missiles
 d - 20 sling bullets
 k - 30 stones (quivered)
Armour
 c - a +0 leather armour (worn)
Scrolls
 f - a scroll of fear {unknown}
 j - a scroll of magic mapping {unknown}
 l - a scroll of noise {unknown}
 m - 2 scrolls of identify {unknown}
Potions
 e - a potion of curing {unknown}
 g - a potion of flight {unknown}
 h - a potion of haste {unknown}
 i - a potion of might {unknown}


   Skills:
 + Level 2.2 Fighting
 + Level 6.2 Slings
 + Level 0.3 Armour
 + Level 2.6 Dodging
 + Level 2.0 Stealth


You had 2 spell levels left.
You didn't know any spells.
Your spell library was empty.

Dungeon Overview and Level Annotations

Branches:
Dungeon (2/15)

Altars:


Innate Abilities, Weirdness & Mutations

You are small and have problems with some larger weapons.
You are somewhat resistant to further mutation.


Message History

You climb upwards.
There is a stone staircase leading down here.
You closely miss the adder. The adder closely misses you. The worm bites you!
* * * LOW HITPOINT WARNING * * *
You take 7 damage, and have 3/24 hp.
MASSIVE DAMAGE!!
You hit the adder.
The adder is moderately wounded.
The adder bites you but does no damage. x2
You closely miss the adder.
The adder is moderately wounded.
The worm barely misses you. The adder misses you.
You hit the adder.
The adder is severely wounded.
The adder misses you. The worm misses you.
You hit the adder.
The adder is severely wounded.
The adder bites you.
* * * LOW HITPOINT WARNING * * *
The adder bites you.
You die...

#.# #.# #..########## #.#
#.####..# ##.## #....#..#
##...###.##.#..#
#...........#..#
#....###.##.#..######
#.#.................#
#.#.#.#####.#######.#
#..###.S@w......# #.#
#.#.#.#####.###.###.##
#.##..# #.##.#)#...####
#.##..#####...###........
#...........##.#.#...####
####..#########..........
##...## ###########
##.....## #.......####


You could see a worm and an adder.

Vanquished Creatures
  A dart slug (D:1)
  4 giant cockroaches (D:1)
  4 goblins (D:1)
  2 hobgoblins (D:1)
  5 jackals (D:1)
  3 bats (D:1)
  7 rats (D:1)
26 creatures vanquished.

Notes
Turn   | Place    | Note
-------+----------+-------------------------------------------
     0 | D:1      | Mitsuki the Halfling Hunter began the quest for the Orb.
     0 | D:1      | Reached XP level 1. HP: 14/14 MP: 1/1
    16 | D:1      | Reached skill level 6 in Slings
    16 | D:1      | Reached XP level 2. HP: 19/19 MP: 2/2
   130 | D:1      | Upgraded the game from 0.27-a0-95-g5a9077b8ae to
                  | 0.27-a0-96-gb51a1d6fd6
   259 | D:1      | Reached XP level 3. HP: 24/24 MP: 3/3
  1000 | D:1      | Slain by an adder

Illustrated notes

Levels and vault maps discovered:
D:1:      erik_arrival_blinker_ship, layout_loops_ring
D:2:      layout_basic, old_standard_altar

Skill      XL: |  1  2  3 |
---------------+----------+-----
Slings         | 6 |  6.2
Fighting       | 2 |  2.2
Stealth        | 2 |  2.0
Armour         | |  0.3
Dodging        | |  2.6

Action                   || total
-------------------------++-------
Melee: Short sword       ||    89
 Fire: Hunting sling     ||    17
 Stab: Sleeping          ||     3
Armor: Leather armour    ||    16
Dodge: Dodged            ||    72

Table legend: (Time is in decaauts)
 A = Elapsed time spent in this place.
 B = Non-inter-level travel time spent in this place.
 C = Inter-level travel time spent in this place.
 D = Time resting spent in this place.
 E = Time spent auto-exploring this place.
 F = Levels seen in this place.
 G = Mean time per level.
                   A        B        C        D        E       F      G
               +--------+--------+--------+--------+--------+-----+--------+
         Total |   1006 |    977 |     29 |      0 |    772 |   2 |  503.0 |
       Dungeon |   1006 |    977 |     29 |      0 |    772 |   2 |  503.0 |
               +--------+--------+--------+--------+--------+-----+--------+

Top non-repeatable levels by time:
     D:1: 994 daAuts
     D:2: 11 daAuts
